 Dungeon Crawl Stone Soup version 0.27.1-33-g824d729ab1 (webtiles) character file.

Game seed: 691054551533388072

6497 potato4science the Unseen (level 11, -3/71 HPs)
             Began as an Octopode Enchanter on Dec 17, 2021.
             Was an Initiate of Sif Muna.
             Slain by an orc knight (24 damage)
             ... in a bailey on Dec 18, 2021.
             The game lasted 01:34:11 (18597 turns).

potato4science the Unseen (Octopode Enchanter)     Turns: 18597, Time: 01:34:12

Health: -3/71      AC:  5    Str:  6 (10) XL:     11   Next: 0%
Magic:  6/17       EV: 15    Int: 22 (24) God:    Sif Muna [......]
Gold:   337        SH:  0    Dex: 14 (15) Spells: 11/18 levels left

rFire    . . .     SeeInvis .   h - +3 dagger (venom)
rCold    . . .     Faith    .   (no shield)
rNeg     . . .     Spirit   .   (helmet restricted)
rPois    +         Reflect  .   (no amulet)
rElec    .         Harm     .   e - +4 ring of protection
rCorr    .         Rampage  .   g - ring of wizardry
Will     .....                  f - ring of poison resistance
Stlth    +++++++...             k - +6 ring of intelligence
HPRegen  0.21/turn              A - ring of flight
MPRegen  0.15/turn              (no ring)
                                (no ring)
                                (no ring)

@: brilliant, about to teleport, flying
A: almost no armour, amphibious, 8 rings, camouflage 1, gelatinous body 1,
(nimble swimmer 1), tentacles, tentacle spike 1, agile 1, deterioration 1,
screaming 1
a: Renounce Religion


You were in a bailey.
You worshipped Sif Muna.
Sif Muna was noncommittal.
You visited 2 branches of the dungeon, and saw 11 of its levels.
You also visited: Ossuary and Bailey.

You collected 477 gold pieces.
You spent 140 gold pieces at shops.

Inventory:

Hand Weapons
 a - a +1 dagger
 h - a +3 dagger of venom (weapon)
Jewellery
 b - a ring of fire
 e - a +4 ring of protection (left tentacle)
 f - a ring of poison resistance (on tentacle)
 g - a ring of wizardry (right tentacle)
 k - a +6 ring of intelligence (on tentacle)
 A - a ring of flight (on tentacle)
Wands
 j - a wand of acid (8)
 n - a wand of polymorph (11)
 o - a wand of charming (9)
 r - a wand of iceblast (6)
 z - a wand of mindburst (2)
Scrolls
 d - a scroll of enchant armour {unknown}
 p - a scroll of acquirement {unknown}
 q - a scroll of teleportation
 s - a scroll of enchant weapon {unknown}
 t - a scroll of blinking
 v - 2 scrolls of amnesia
Potions
 i - 3 potions of might
 l - a potion of berserk rage
 m - a potion of resistance
 u - a potion of magic
 w - 2 potions of lignification {unknown}
 C - a potion of flight {unknown}


   Skills:
 - Level 5.0 Fighting
 - Level 5.0 Short Blades
 - Level 5.0 Dodging
 + Level 15.7 Stealth
 * Level 4.1 Spellcasting
 - Level 4.0 Conjurations
 - Level 4.0 Hexes
 - Level 2.0 Ice Magic
 - Level 4.0 Evocations


You had 11 spell levels left.
You knew the following spells:

 Your Spells              Type           Power      Damage    Failure   Level
b - Ensorcelled Hibernat  Hex/Ice        52%        N/A       1%          2
c - Dazzling Flash        Conj/Hex       66%        N/A       2%          3
d - Searing Ray           Conj           66%        3d5       1%          2

Your spell library contained the following spells:

 Spells                   Type           Power      Damage    Failure   Level
 Corona                   Hex            36%        N/A       1%          1
 Magic Dart               Conj           100%       1d8       1%          1
 Confusing Touch          Hex            33%        N/A       2%          3
 Tukima's Dance           Hex            33%        N/A       2%          3
 Mephitic Cloud           Conj/Pois/Air  15%        N/A       8%          3
 Fulminant Prism          Conj/Hex       16%        3d11      9%          4
 Ignite Poison            Fire/Tmut/Pois 6%         N/A       13%         3
 Bolt of Magma            Conj/Fire/Erth 7%         4d6       54%         5
 Chain Lightning          Conj/Air       9%         3d12      100%        9
 Fire Storm               Conj/Fire      9%         8d3       100%        9


Dungeon Overview and Level Annotations

Branches:
Dungeon (10/15)            Temple (1/1) D:7             Orc (0/2) D:9
Ossuary (visited)          Bailey (1/1)
   Lair: D:8-11

Altars:
Ashenzari
Cheibriados
Dithmenos
Elyvilon
Fedhas
Gozag
Hepliaklqana
Makhleb
Nemelex Xobeh
Okawaru
Qazlal
Ru
Sif Muna
Trog
Uskayaw
Vehumet
Wu Jian
Xom
Yredelemnul
Zin
The Shining One

Shops:
D:1 *   D:3 *

Annotations:
D:3 1 runed translucent door, Crazy Yiuf
D:8 Maggie


Innate Abilities, Weirdness & Mutations

You cannot wear most types of armour.
You are amphibious.
You can wear up to eight rings at the same time.
Your skin changes colour to match your surroundings (Stealth+).
Your rubbery body absorbs attacks. (AC +1, EV +1)
((You are camouflaged near water. (Stealth+)))
You have tentacles for arms and can constrict up to eight enemies at once.
One of your tentacles bears a spike.
You are agile. (Dex +2)
Your body sometimes deteriorates upon taking damage.
You occasionally shout uncontrollably at your foes.


Message History

Press: ? - help, Shift-Dir - straight line, f - orc warrior
Aim: an orc warrior, wielding a +0 halberd and wearing a +0 ring mail (76% to hit)
You feel a surge of power!
The searing ray hits the orc warrior!
The orc warrior is moderately wounded. (Press . to maintain the ray.)
The orc warrior closely misses you.
The searing ray misses the orc warrior.
The orc warrior barely misses you.
The searing ray hits the orc warrior!
The orc warrior is severely wounded.
The orc warrior hits you from afar with a +0 halberd!
The orc knight hits you from afar with a +0 glaive.
The searing ray hits the orc warrior!
You kill the orc warrior!
Sif Muna accepts your kill.
You finish channeling your searing ray.
The orc knight roars a battlecry!
You hear a shout!
You have reached level 11!
Casting: Searing Ray (safe; 1% risk of failure)
Confirm with . or Enter, or press ? or * to list all spells.
Aiming: Searing Ray (safe; 1% risk of failure)
Press: ? - help, Shift-Dir - straight line, f - orc knight
Aim: an orc knight, wielding a +0 glaive and wearing a +0 crystal plate armour (81% to hit)
You feel a surge of power!
The searing ray hits the orc knight but does no damage. (Press . to maintain the ray.)
The orc knight hits you from afar with a +0 glaive!!
The searing ray hits the orc knight.
The orc knight is lightly wounded.
The orc knight closely misses you.
The searing ray hits the orc knight but does no damage.
The orc knight is lightly wounded.
The orc knight hits you from afar with a +0 glaive!
* * * LOW HITPOINT WARNING * * *
Your body deteriorates!
You feel clumsy.
Okay, then.
As you read the scroll of teleportation, it crumbles to dust.
You feel strangely unstable.
The orc knight hits you from afar with a +0 glaive!!
You die...

### ###### ##@##
#...o.##.∩.#
..≈≈≈..#).o#..≈
.≈≈o≈≈.......≈≈o
.≈.oo≈.......≈oo
.≈≈.≈≈.......≈≈o≈
..≈≈≈..#...#..≈≈≈
#.....##...##....
###### ##∩## ####


You could see an orc knight.

Vanquished Creatures
  A manticore (D:10)
  3 trolls
  Prince Ribbit (D:6)
  3 yaks (D:6)
  Grum (D:9)
  2 vampires
  Menkaure (D:4)
  A water moccasin (D:7)
  2 sky beasts
  2 ice beasts (D:6)
  3 orc warriors
  3 ogres
  3 wolves (D:9)
  3 centaurs
  A phantom (D:5)
  Blork the orc (D:4)
  A gnoll sergeant (D:9)
  11 scorpions
  2 wyvern zombies
  7 killer bees
  2 wights (D:7)
  2 howler monkeys
  4 centaur zombies
  A bullfrog zombie (D:5)
  A jelly (D:6)
  A hound (D:4)
  2 centaur skeletons (D:6)
  5 orc priests
  Jessica (D:3)
  4 iguanas
  6 scorpion zombies (Ossuary)
  7 orc wizards
  3 mummies (Ossuary)
  2 howler monkey zombies
  5 gnolls (D:9)
  A howler monkey skeleton (D:4)
  5 adders
  A white imp (D:7)
  2 worms
  2 dart slugs
  25 orcs
  2 ball pythons (D:4)
  3 endoplasms
  4 giant cockroaches
  16 goblins
  5 hobgoblins
  4 kobolds
  3 quokkas
  5 bats
  4 frilled lizards
  2 gnoll zombies (Ossuary)
  A goblin zombie (Ossuary)
  2 hobgoblin zombies (Ossuary)
  A kobold zombie (Ossuary)
  4 orc zombies (Ossuary)
  6 rats
196 creatures vanquished.

Vanquished Creatures (others)
  An orc (D:3)
  2 plants (D:4)
3 creatures vanquished.

Grand Total: 199 creatures vanquished

Notes
Turn   | Place    | Note
-------+----------+-------------------------------------------
     0 | D:1      | potato4science the Octopode Enchanter began the quest for
                  | the Orb.
     0 | D:1      | Reached XP level 1. HP: 11/11 MP: 3/3
   280 | D:1      | Reached skill level 1 in Ice Magic
   280 | D:1      | Reached XP level 2. HP: 17/17 MP: 5/5
   283 | D:1      | Learned a level 2 spell: Ensorcelled Hibernation
   473 | D:1      | Found Hoduj's Assorted Antiques.
  1765 | D:2      | Reached XP level 3. HP: 21/21 MP: 3/6
  2282 | D:2      | Reached skill level 1 in Fighting
  2282 | D:2      | Reached XP level 4. HP: 12/28 MP: 4/7
  3004 | D:3      | Found Buefiv's General Store.
  3069 | D:3      | Bought a scroll of noise for 10 gold pieces
  3117 | D:3      | Noticed Jessica
  3123 | D:3      | Killed Jessica
  3124 | D:3      | Reached skill level 5 in Stealth
  3174 | D:3      | Found an ornate altar of the Wu Jian Council.
  3277 | D:3      | Reached XP level 5. HP: 24/33 MP: 6/8
  3291 | D:3      | Reached skill level 6 in Stealth
  3962 | D:3      | Found a faded altar of an unknown god.
  4353 | D:3      | Found a runed translucent door.
  4354 | D:3      | Noticed Crazy Yiuf
  4597 | D:4      | Reached skill level 7 in Stealth
  4614 | D:4      | Reached XP level 6. HP: 36/38 MP: 4/9
  4719 | D:4      | Noticed Blork the orc
  4730 | D:4      | Killed Blork the orc
  4731 | D:4      | Reached skill level 8 in Stealth
  4926 | D:4      | Found a sand-covered staircase.
  4937 | Ossuary  | Entered an ossuary
  4942 | Ossuary  | Learned a level 3 spell: Dazzling Flash
  5495 | Ossuary  | Reached skill level 1 in Conjurations
  5504 | Ossuary  | Reached XP level 7. HP: 26/45 MP: 10/10
  5746 | Ossuary  | Reached skill level 9 in Stealth
  5811 | Ossuary  | Reached skill level 10 in Stealth
  6140 | Ossuary  | Reached XP level 8. HP: 52/52 MP: 11/11
  6430 | D:4      | Noticed Menkaure
  6434 | D:4      | Killed Menkaure
  6762 | D:4      | Gained mutation: You tend to lose your temper in combat.
                  | [potion of mutation]
  6762 | D:4      | Gained mutation: Your body sometimes deteriorates upon
                  | taking damage. [potion of mutation]
  6762 | D:4      | Lost mutation: You tend to lose your temper in combat.
                  | [potion of mutation]
  6763 | D:4      | Gained mutation: You occasionally shout uncontrollably at
                  | your foes. [potion of mutation]
  6763 | D:4      | Gained mutation: You are agile. (Dex +2) [potion of
                  | mutation]
  6763 | D:4      | Gained mutation: One of your tentacles bears a spike.
                  | [potion of mutation]
  7305 | D:5      | Entered Level 5 of the Dungeon
  7787 | D:1      | Bought a knobbly silver ring for 130 gold pieces
  7879 | D:5      | Reached skill level 11 in Stealth
  8745 | D:5      | Reached skill level 12 in Stealth
  9211 | D:6      | Reached XP level 9. HP: 56/56 MP: 13/13
  9447 | D:6      | Noticed Prince Ribbit
  9491 | D:6      | Killed Prince Ribbit
  9793 | D:6      | Learned a level 2 spell: Searing Ray
 10081 | D:6      | Noticed a troll
 10245 | D:6      | Reached skill level 13 in Stealth
 10289 | D:6      | Killed a troll
 10644 | D:6      | Reached skill level 14 in Stealth
 10680 | D:6      | Reached skill level 5 in Dodging
 11322 | D:7      | Reached skill level 5 in Fighting
 11433 | D:7      | Reached XP level 10. HP: 66/66 MP: 14/14
 11467 | D:7      | Found a staircase to the Ecumenical Temple.
 11552 | Temple   | Entered the Ecumenical Temple
 11910 | D:7      | Reached skill level 5 in Short Blades
 13526 | D:7      | Found a staircase to the Ecumenical Temple.
 13973 | D:7      | Reached skill level 15 in Stealth
 13975 | D:7      | HP: 3/66 [killer bee (3)]
 14469 | D:7      | Found a staircase to the Ecumenical Temple.
 14595 | D:6      | HP: 3/66 [something (7)]
 16342 | D:8      | Found a shimmering blue altar of Sif Muna.
 16350 | D:8      | Became a worshipper of Sif Muna the Loreminder
 16403 | D:8      | Noticed Maggie
 17396 | D:9      | Found a hazy altar of Hepliaklqana.
 17495 | D:9      | Found a stormy altar of Qazlal.
 17498 | D:9      | Found a shadowy altar of Dithmenos.
 17519 | D:9      | Reached skill level 1 in Evocations
 17534 | D:9      | Noticed Grum
 18171 | D:9      | Killed Grum
 18310 | D:9      | Found a staircase to the Orcish Mines.
 18440 | D:10     | Entered Level 10 of the Dungeon
 18440 | D:10     | Noticed a manticore
 18442 | D:10     | Killed a manticore
 18563 | D:10     | Found a flagged portal.
 18581 | Bailey   | Entered a bailey
 18581 | Bailey   | Noticed an orc knight
 18581 | Bailey   | Noticed an orc knight
 18583 | Bailey   | Noticed an orc knight
 18585 | Bailey   | Noticed an orc knight
 18594 | Bailey   | Reached XP level 11. HP: 58/71 MP: 9/17
 18597 | Bailey   | Slain by an orc knight

Illustrated notes

Levels and vault maps discovered:
D:1:      dpeg_arrival_tiny_b, layout_basic, serial_shops, shop,
          serial_aquarium, aquarium_bridge_long_joined [aquarium_subvault_wall,
          aquarium_subvault_bridge, aquarium_subvault_window,
          aquarium_subvault_wall, aquarium_subvault_window,
          aquarium_subvault_wall], aquarium_bridge_straight
          [aquarium_subvault_bridge, aquarium_subvault_balcony,
          aquarium_subvault_bridge, aquarium_subvault_window],
          aquarium_window_fake, aquarium_window_1, aquarium_view_2f,
          aquarium_view_2c
D:2:      layout_basic, roderic_lattice_a, minmay_heptomino_l4
D:3:      layout_loops_corners, mainiacjoe_overflow_alcove_4, serial_shops,
          shop, dreamdust_ecumenical_altar_statues, lemuel_old_faithful,
          uniq_jessica, uniq_crazy_yiuf_cottage
D:4:      wad_lake_hut, layout_basic, nicolae_ossuary_entry_ruins,
          minmay_misc_feat_encased, hangedman_feature_mirror,
          uniq_blork_the_orc, uniq_menkaure
D:5:      layout_basic
D:6:      minmay_inner_zag, layout_loops_ring, uniq_prince_ribbit1
D:7:      layout_rooms, temple_doors_ab, serial_glass, glass_columns_c,
          glass_columns_b
D:8:      layout_cave_pools, tgw_sif, uniq_maggie
D:9:      layout_roguey, nicolae_overflow_hidden_temple, orc_0_dummy, uniq_grum
D:10:     layout_loops_ring, mainiacjoe_overflow_24_doors, serial_shops,
          nicolae_shop_stone, nicolae_shop_crystal, enter_bailey_5
Temple:   nicolae_temple_x_marks_the_god
Bailey:   bailey_polearm_4, bailey

Skill      XL: |  1  2  3  4  5  6  7  8  9 10 |
---------------+-------------------------------+-----
Ice Magic      | 1 2 |  2.0
Hexes          | 4 |  4.0
Fighting       | 1 2 3 5 |  5.0
Stealth        | 5 7 8 10 12 14 15 | 15.7
Short Blades   | 2 3 4 5 |  5.0
Conjurations   | 1 2 4 |  4.0
Dodging        | 3 4 5 |  5.0
Spellcasting   | 3 4 |  4.1
Evocations     | 4 |  4.0

Action                   |  1- 3 |  4- 6 |  7- 9 | 10-12 || total
-------------------------+-------+-------+-------+-------++-------
Melee: Dagger            |    48 |    77 |   154 |   104 ||   383
       Tentacles         |     5 |    14 |    20 |    20 ||    59
       Constrict         |     8 |    18 |     9 |     9 ||    44
       Kick              |       |       |    27 |    19 ||    46
 Cast: Ensorcelled Hiber |    15 |    20 |    42 |    48 ||   125
       Corona            |       |     2 |       |       ||     2
       Searing Ray       |       |       |     2 |    16 ||    18
       Dazzling Flash    |       |       |     1 |       ||     1
Evoke: Wand              |       |       |       |     4 ||     4
  Use: Scroll            |       |     4 |     6 |    12 ||    22
       Potion            |       |       |     4 |     7 ||    11
 Stab: Sleeping          |    21 |    22 |    48 |    37 ||   128
       Distracted        |       |       |     1 |     1 ||     2
Armor: Skin              |     6 |     9 |    17 |    30 ||    62
Dodge: Dodged            |    19 |    23 |    76 |   174 ||   292
